 Dungeon Crawl Stone Soup version 0.23.2-33-g5129a83184 (webtiles) character file.

Game seed: 4670304510248053697

105 MalarOregon the Digger (level 4, -2/37 HPs)
             Began as a Ghoul Earth Elementalist on July 14, 2019.
             Slain by an orc warrior
             ... wielding a +0 trident
              (16 damage)
             ... on level 2 of the Dungeon.
             The game lasted 00:03:54 (1529 turns).

MalarOregon the Digger (Ghoul Earth Elementalist)   Turns: 1529, Time: 00:03:55

Health: -2/37      AC:  3    Str: 11    XL:     4   Next: 83%
Magic:  0/5        EV: 12    Int: 11    God:
Gold:   86         SH:  0    Dex:  9    Spells: 0/6 levels left

rFire    . . .     SeeInvis .   a - +3 whip
rCold    + . .     Gourm    .   (no shield)
rNeg     + + +     Faith    .   l - +0 robe {Archmagi}
rPois    ∞         Spirit   .   (no helmet)
rElec    .         Reflect  .   j - +0 cloak
rCorr    .         Harm     .   (no gloves)
MR       .....                  (no boots)
Stlth    ++........             (no amulet)
HPRegen  0.00/turn              (no ring)
MPRegen  0.09/turn              (no ring)

@: rotting
A: rotting body, claws 1, carnivore, cold resistance 1, negative energy
resistance 3, inhibited regeneration, torment resistance, unbreathing
a: no special abilities


You were on level 2 of the Dungeon.
You were not hungry.

You visited 1 branch of the dungeon, and saw 2 of its levels.

You collected 86 gold pieces.

Inventory:

Hand Weapons
 a - a +3 whip (weapon)
   (You found it on level 1 of the Dungeon)
Missiles
 b - 75 stones (quivered)
Armour
 j - a +0 cloak (worn)
   (You found it on level 1 of the Dungeon)
 l - a +0 robe of the Archmagi (worn)
   (You found it on level 2 of the Dungeon)
Jewellery
 f - a +3 ring of evasion {unknown}
   (You found it on level 1 of the Dungeon)
Scrolls
 d - 3 scrolls of teleportation {unknown}
 g - a scroll of random uselessness {unknown}
 h - 2 scrolls of remove curse {unknown}
 i - a scroll of enchant armour {unknown}
 k - 2 scrolls of identify {unknown}
Potions
 m - a potion of mutation {unknown}
 n - a potion of curing {unknown}
Comestibles
 e - 2 rations {!d}


   Skills:
 + Level 2.8 Fighting
 - Level 1.7 Dodging
 - Level 2.1 Stealth
 - Level 1.7 Spellcasting
 - Level 0.8 Transmutations
 - Level 5.0 Earth Magic


You couldn't memorise any spells.
You knew the following spells:

 Your Spells              Type           Power        Failure   Level  Hunger
a - Sandblast             Erth           ###...       3%          1    ##.....
q - Passwall              Tmut/Erth      ##......     14%         2    ###....
x - Stone Arrow           Conj/Erth      #.....       32%         3    ####...

Your spell library contained the following spells:

 Spells                   Type           Power        Failure   Level  Hunger
 Petrify                  Tmut/Erth      ##......     65%         4    #####..
 Lee's Rapid Deconstruct  Erth           ###.......   71%         5    ######.


Dungeon Overview and Level Annotations

Branches:
Dungeon (2/15)

Altars:

Annotations:
D:1 exclusion: 2 downstairs


Innate Abilities, Weirdness & Mutations

Your body is rotting away.
You thrive on raw meat.
You are immune to poison.
You have sharp fingernails.
You are carnivorous and can eat meat at any time.
Your flesh is cold resistant. (rC+)
You are immune to negative energy. (rN+++)
You do not regenerate when monsters are visible.
You are immune to unholy pain and torment.
You can survive without breathing.


Message History

The orc priest moves out of view.
The orc shouts!
You whack the giant cockroach!
You kill the giant cockroach!
No target in view!
No target in view!
h - 2 scrolls labeled HIALYQAVAU (gained 1)
An orc comes into view. It is wielding a +0 club.
The orc moves out of view.
The orc hits you with a +0 hand axe.
You closely miss the orc.
The orc shouts!
The orc closely misses you.
Eat one of 2 chunks of flesh? (ye/n/q)
You eat one of the 2 chunks of flesh.
This raw flesh tastes great!
Eat a chunk of flesh? (ye/n/q)
You eat the chunk of flesh.
This raw flesh tastes great!
The orc misses you.
You hit the orc. The orc hits you but does no damage.
Aim: an orc priest, wielding a -3 flail and wearing a +0 leather armour You feel a surge of power!
The blast of sand hits the orc!
You kill the orc!
Your Fighting skill increases to level 2!
b - 79 stones The orc priest mumbles some strange prayers to Beogh against you.
Beogh smites you!
* * * LOW HITPOINT WARNING * * *
Aim: an orc priest, wielding a -3 flail and wearing a +0 leather armour You feel a surge of power!
The blast of sand hits the orc priest.
b - 78 stones
Aim: an orc priest, wielding a -3 flail and wearing a +0 leather armour (moderately wounded)
You feel a surge of power!
The blast of sand hits the orc priest but does no damage.
b - 77 stones The orc priest closely misses you.
Unknown command.
Aim: an orc priest, wielding a -3 flail and wearing a +0 leather armour (moderately wounded)
You feel a surge of power!
The blast of sand hits the orc priest but does no damage.
b - 76 stones The orc priest hits you with a cursed -3 flail.
* * * LOW HITPOINT WARNING * * *
Aim: an orc priest, wielding a -3 flail and wearing a +0 leather armour (moderately wounded)
You feel a surge of power!
The blast of sand hits the orc priest!
You kill the orc priest!
b - 75 stones The orc barely misses you.
You whack the orc!
You kill the orc!
The orc warrior hits you from afar with a +0 trident!
You die...

#.......))...###
#............... ##
###........####### #..
...........# # ...
####.......# # #.#
###...o...# #..##.o..o.####
#..))##.####
##.@.##....####
#.#.#####....## ###
#<#.########..###..
####..................
#..###....##########.#####.
#.....÷..## #.......
##...###.### ####...#
............######## #.#..
.###.###>...[......###
#.##.


You could see an orc warrior.

Vanquished Creatures
  An orc priest (D:2)
  An adder (D:2)
  3 worms (D:2)
  2 dart slugs (D:1)
  2 leopard geckos (D:1)
  2 orcs (D:2)
  A ball python (D:1)
  6 giant cockroaches
  4 goblins
  6 hobgoblins
  A quokka (D:2)
  6 bats
  2 frilled lizards (D:1)
  4 kobolds
  9 rats
50 creatures vanquished.

Notes
Turn   | Place    | Note
-------+----------+-------------------------------------------
     0 | D:1      | MalarOregon the Ghoul Earth Elementalist began the quest
                  | for the Orb.
     0 | D:1      | Reached XP level 1. HP: 14/14 MP: 2/2
   138 | D:1      | Reached XP level 2. HP: 20/20 MP: 0/3
   216 | D:1      | Reached skill level 4 in Earth Magic
   426 | D:1      | Reached XP level 3. HP: 22/26 MP: 4/4
  1010 | D:2      | Noticed an orc warrior
  1047 | D:2      | Reached skill level 5 in Earth Magic
  1069 | D:2      | Learned a level 2 spell: Passwall
  1088 | D:2      | Reached skill level 1 in Fighting
  1088 | D:2      | Reached XP level 4. HP: 15/35 MP: 0/5
  1491 | D:2      | Learned a level 3 spell: Stone Arrow
  1529 | D:2      | Slain by an orc warrior

Skill      XL: |  1  2  3  4 |
---------------+-------------+-----
Earth Magic    | 4 5 |  5.0
Fighting       | 1 2 |  2.8
Dodging        | |  1.7
Stealth        | |  2.1
Spellcasting   | |  1.7
Transmutations | |  0.8

Action                   |  1- 3 |  4- 6 || total
-------------------------+-------+-------++-------
Melee: Unarmed           |    42 |       ||    42
       Whip              |    15 |    26 ||    41
 Cast: Sandblast         |    28 |     7 ||    35
 Stab: Sleeping          |     2 |     2 ||     4
  Eat: Chunk             |     4 |     4 ||     8
Armor: Robe              |    14 |     7 ||    21
Dodge: Dodged            |    37 |    16 ||    53
